 Dungeon Sprint DCSS version bcrawl-1.40.3b (webtiles) character file.

Game seed: 296557901374456730

617527 petercordia the Basher (level 6, 0/74 HPs)
             Began as an Ent Archaeologist on Feb 10, 2024.
             Was an Elder of Uskayaw.
             Slain by a draconian
             ... wielding an uncursed staff of power
              (2 damage)
             ... in the Dungeon (Sprint V: "Ziggurat Sprint").
             The game lasted 00:03:39 (265 turns).

petercordia the Basher (Ent Archaeologist)           Turns: 265, Time: 00:03:39

Health: 0/74       AC: 14    Str: 18    XL:     6   Next: 45%
Magic:  11/11      EV:  3    Int: 15    God:    Uskayaw [****..]
Gold:   0          SH: 27    Dex: 10    Spells: 5/5 levels left

rFire    . . .     GDR:     31% U - +7 mace of Variability {chain chaos}
rCold    . . .     SeeInvis .   L - +18 shield of the Gong {rElec rN+ MR+ EV-5}
rNeg     + + +     Gourm    .   (armour unavailable)
rPois    +         Faith    .   c - +1 hat
rElec    +         Spirit   .   (no cloak)
rCorr    .         Reflect  .   (gloves unavailable)
MR       +....     NoTele   +   (boots unavailable)
Stlth    ++........             (no amulet)
HPRegen  0.22/turn              (no ring)
MPRegen  0.12/turn              (no ring)

@: studying Earth Magic, very slow
A: large, slow actions, passwall, strong branches, negative energy resistance 3,
poison resistance, slow metabolism 1, torment resistance, unbreathing, AC +13
a: Passwall, Stomp, Line Pass, Renounce Religion


You were in the Dungeon.
You worshipped Uskayaw.
Uskayaw was noncommittal.
You were not hungry.

You visited 1 branch

Inventory:

Hand Weapons
 b - a +4 blowgun
 I - the +6 Majin-Bo {vamp, *Drain Str+12 Int+24}
   (You found it in the Dungeon)

   It inflicts no extra harm, but heals its wielder when it wounds a living foe.
   It affects your strength (+12).
   It affects your intelligence (+24).
   It causes draining when unequipped.
 J - the +9 heavy crossbow "Sniper" {velocity, Acc+∞ SInv}
   (You found it in the Dungeon)

   Any bolt fired from it inflicts extra damage.
   It lets you see invisible.
 K - the +10 dark maul {crush}
   (You found it in the Dungeon)

   It will always inflict at least some extra damage.
   This minimum extra damage increases with your current reserve of magical
   power.
 M - the cursed +14 obsidian axe {chop, +Fly SInv *Curse}
   (You found it in the Dungeon)

   It will always inflict at least some extra damage.
   This minimum extra damage increases with your current reserve of magical
   power.
   It lets you see invisible.
   It lets you fly.
   It curses itself when equipped.
   It has a curse placed upon it.
 N - the +7 great mace "Firestarter" {inner flame, rF++}
   (You found it in the Dungeon)

   It has been specially enchanted to surge with flame as it hits, increasing
   damage dealt by approximately one third against foes not resistant or
   susceptible to fire.
   It greatly protects you from fire.
 O - the +0 shillelagh "Devastator" {shatter, Stlth+}
   (You found it in the Dungeon)

   It makes you more stealthy.
 P - the +8 plutonium sword {irradiate, +Channel *Contam MR+ Stlth-}
   (You found it in the Dungeon)

   It affects your resistance to hostile enchantments.
   It causes magical contamination when unequipped.
   It makes you less stealthy.
 Q - the +8 lance "Wyrmbane" {slay drac, rPois rF+ rC+ AC+3}
   (You found it in the Dungeon)

   It affects your AC (+3).
   It protects you from fire.
   It protects you from cold.
   It protects you from poison.
 R - the +9 sword of Zonguldrok {reap}
   (You found it in the Dungeon)

   If a monster killed with it leaves a corpse in good enough shape, the corpse
   will be animated as a zombie friendly to the killer.
 S - the cursed +13 scythe of Curses {drain, *Curse}
   (You found it in the Dungeon)

   A truly terrible weapon, it drains the life of those it strikes.
   It curses itself when equipped.
   It has a curse placed upon it.
 T - the +0 sword of Power
   (You found it in the Dungeon)
 U - the +7 mace of Variability (weapon) {chain chaos}
   (You found it in the Dungeon)

   Each time it hits an enemy it has a different, random effect.
 V - the +7 Singing Sword {slice}
   (You found it in the Dungeon)

   It will always inflict at least some extra damage.
   This minimum extra damage increases with your current reserve of magical
   power.
 W - the +7 longbow "Piercer" {penet, EV-2}
   (You found it in the Dungeon)

   Ammo fired by it will pass through the targets it hits, potentially hitting
   all targets in its path until it reaches its maximum range.
   It affects your evasion (-2).
 X - a +5 giant club
 Y - a +5 giant spiked club
Missiles
 d - 6 curare-tipped needles
Armour
 c - a +1 hat (worn)
 L - the +18 shield of the Gong (worn) {rElec rN+ MR+ EV-5}
   (You found it in the Dungeon)

   It affects your evasion (-5).
   It insulates you from electricity.
   It protects you from negative energy.
   It affects your resistance to hostile enchantments.
Jewellery
 x - an uncursed ring of flight
 y - a +6 ring of dexterity
 z - a +6 ring of dexterity
 A - a +6 ring of intelligence
 B - a +6 ring of intelligence
 C - a +6 ring of strength
 D - a +6 ring of strength
Wands
 E - a wand of disintegration (7)
 F - a wand of iceblast (7)
 G - a wand of acid (7)
Scrolls
 g - a scroll of revelation
 i - 5 scrolls of identify
 m - 4 scrolls of blinking
 s - 4 scrolls of amnesia
 t - 7 scrolls of fog
 v - 5 scrolls of remove curse
 w - 2 scrolls of fear
Potions
 a - 2 potions of brilliance
 h - 9 potions of curing
 j - 6 potions of haste
 k - 7 potions of magic
 l - 3 potions of berserk rage
 n - 2 potions of invisibility
 o - 4 potions of resistance
 p - a potion of experience
 q - 5 potions of agility
 r - 5 potions of might
 u - 10 potions of heal wounds
Miscellaneous
 H - a lightning rod (4/4)
Comestibles
 e - 7 rations {!d}
 Z - 2 chunks of flesh


   Skills:
 + Level 6.8 Fighting
 * Level 10.5 Maces & Flails
 - Level 2.6 Dodging
 - Level 3.6 Stealth
 + Level 5.0 Shields
 + Level 7.3 Invocations


You had 5 spell levels left.
You didn't know any spells.
Your spell library was empty.

Dungeon Overview and Level Annotations

Branches:
Dungeon (1/1)

Altars:
Ashenzari
Cheibriados
Dithmenos
Elyvilon
Fedhas
Gozag
Hepliaklqana
Lugonu
Makhleb
Nemelex Xobeh
Okawaru
Qazlal
Ru
Sif Muna
Trog
Uskayaw
Vehumet
Wu Jian
Xom
Yredelemnul
Zin
The Shining One
Jiyva

Annotations:
D 1 transporter


Innate Abilities, Weirdness & Mutations

You move and act slowly.
You can pass through walls and trees.
Your branches can wield two-handed weapons with a shield.
Your thick bark is tough. (AC +13)
You are too large for most types of armour.
You are immune to negative energy. (rN+++)
Your system is resistant to poisons. (rPois)
You have a slow metabolism.
You are immune to unholy pain and torment.
You can survive without breathing.


Message History

Uskayaw prepares the audience for your solo!
No path to travel!
No path to travel!
No path to travel!
The helpless draconian fails to defend itself.
You hammer the draconian like a gong!!!
You kill the draconian!
You burn the draconian!
You kill the draconian!
The draconian is no longer paralysed.
The white draconian is no longer paralysed.
You block the white draconian's attack.
BONNNG!
You block the white draconian's attack.
PTOANNNG!
The draconian hits you with an uncursed staff of power.
The white draconian hits you with a +0 scimitar!!
* * * LOW HITPOINT WARNING * * *
The draconian hits you with an uncursed staff of power.
You die...

▓▓▓▓▓▓▓▓▓▓▓▓▓▓▓▓▓▓▓
▓.8©8.▓.8©8.▓.8©8.▓
▓.:)..▓.))).▓.....▓
▓.....▓.....▓.).[.▓
▓.....▓.....▓.....▓
▓.)d).▓.....▓.....▓
▓..@d.▓.....▓..©..▓
▓..©..▓..©..▓▓▓▓▓▓▓
▓▓▓▓▓▓▓▓▓▓▓▓▓


You could see a white draconian (berserk) and a draconian.

Vanquished Creatures
  2 draconians (D)
  2 tarantellas (D)
  A scorpion (D)
  An iron imp (D)
  A shadow imp (D)
7 creatures vanquished.

Vanquished Creatures (others)
  A spatial maelstrom (D)
1 creature vanquished.

Grand Total: 8 creatures vanquished

Notes
Turn   | Place    | Note
-------+----------+-------------------------------------------
     0 | D        | petercordia the Ent Archaeologist began the quest for the
                  | Orb.
     0 | D        | Reached XP level 1. HP: 21/21 MP: 1/1
     1 | D        | Banished a spatial maelstrom
     7 | D        | Found a blossoming altar of Fedhas.
     8 | D        | Found the +6 Majin-Bo {vamp, *Drain Str+12 Int+24}
     8 | D        | Found the +9 heavy crossbow "Sniper" {velocity, Acc+∞ SInv}
     8 | D        | Found the +10 dark maul {crush}
     8 | D        | Found the +15 Maxwell's patent armour {-Cast -Tele rElec
                  | MR+ rCorr}
     8 | D        | Found the +18 shield of the Gong {rElec rN+ MR+ EV-5}
     8 | D        | Found the cursed +14 obsidian axe {chop, +Fly SInv *Curse}
     8 | D        | Found the +7 great mace "Firestarter" {inner flame, rF++}
     8 | D        | Found the +0 shillelagh "Devastator" {shatter, Stlth+}
     8 | D        | Found the +8 plutonium sword {irradiate, +Channel *Contam
                  | MR+ Stlth-}
     8 | D        | Found the +8 lance "Wyrmbane" {slay drac, rPois rF+ rC+
                  | AC+3}
     8 | D        | Found the +9 sword of Zonguldrok {reap}
     8 | D        | Found the cursed +13 scythe of Curses {drain, *Curse}
     8 | D        | Found the +0 sword of Power
     8 | D        | Found the +7 mace of Variability {chain chaos}
     8 | D        | Found the +7 Singing Sword {slice}
     8 | D        | Found the +7 longbow "Piercer" {penet, EV-2}
    10 | D        | Found a shimmering blue altar of Sif Muna.
    10 | D        | Found a sacrificial altar of Ru.
    10 | D        | Found a bloodstained altar of Trog.
    10 | D        | Found a stormy altar of Qazlal.
    10 | D        | Found an iron altar of Okawaru.
    10 | D        | Found a sparkling altar of Nemelex Xobeh.
    12 | D        | Found a transporter.
    12 | D        | Found an ancient bone altar of Kikubaaqudgha.
    12 | D        | Found a viscous altar of Jiyva.
    12 | D        | Found a corrupted altar of Lugonu.
    12 | D        | Found a hazy altar of Hepliaklqana.
    12 | D        | Found a burning altar of Makhleb.
    12 | D        | Found an opulent altar of Gozag.
    69 | D        | Became a worshipper of Uskayaw the Reveler
    90 | D        | Entered arena 2.
    90 | D        | Noticed an iron imp
    90 | D        | Found a transporter.
    92 | D        | Killed an iron imp
    92 | D        | Reached * piety under Uskayaw
    93 | D        | Reached skill level 4 in Maces & Flails
    93 | D        | Reached skill level 1 in Shields
    93 | D        | Reached XP level 2. HP: 33/33 MP: 2/4
    93 | D        | Reached ** piety under Uskayaw
    94 | D        | Reached XP level 3. HP: 40/40 MP: 2/5
   109 | D        | Entered arena 3.
   109 | D        | Noticed a tarantella
   109 | D        | Noticed a scorpion
   109 | D        | Noticed a tarantella
   109 | D        | Found a transporter.
   112 | D        | Killed a tarantella
   113 | D        | Reached skill level 5 in Fighting
   113 | D        | Reached skill level 8 in Maces & Flails
   113 | D        | Reached skill level 5 in Invocations
   113 | D        | Reached XP level 4. HP: 38/54 MP: 5/8
   113 | D        | Reached XP level 5. HP: 43/61 MP: 5/9
   113 | D        | Identified a scroll of acquirement
   113 | D        | Reached *** piety under Uskayaw
   114 | D        | Reached skill level 9 in Maces & Flails
   122 | D        | Killed a tarantella
   123 | D        | Reached skill level 10 in Maces & Flails
   123 | D        | Reached skill level 5 in Shields
   123 | D        | Reached XP level 6. HP: 6/74 MP: 4/11
   136 | D        | Identified the ring of Noliphic {*Corrode rElec rF+ rN++
                  | Str+3} (You acquired it in the Dungeon)
   258 | D        | Entered arena 4.
   258 | D        | Noticed a draconian
   258 | D        | Noticed a draconian
   258 | D        | Noticed a draconian
   258 | D        | Noticed a white draconian
   258 | D        | Identified the ring "Gaeshef" {Fire rN+}
   258 | D        | Found a transporter.
   259 | D        | Identified the +5 broad axe of Greed {flame, +Rage rElec
                  | rN+ MP+9}
   264 | D        | Reached **** piety under Uskayaw
   265 | D        | Killed a draconian
   265 | D        | Killed a draconian
   265 | D        | HP: 2/74 [white draconian/+0 scimitar (24)]
   265 | D        | Slain by a draconian

Skill      XL: |  1  2  3  4  5 |
---------------+----------------+-----
Fighting       | 3 5 6 |  6.8
Maces & Flails | 4 8 10 | 10.5
Shields        | 1 2 3 5 |  5.0
Invocations    | 2 3 5 7 |  7.3
Dodging        | |  2.6
Stealth        | |  3.6

Action                   |  1- 3 |  4- 6 || total
-------------------------+-------+-------++-------
Melee: Great mace        |     3 |    12 ||    15
Invok: Stomp             |       |     1 ||     1
  Use: Potion            |       |     1 ||     1
       Scroll            |       |     1 ||     1
 Stab: Paralysed         |       |     1 ||     1
Armor: Skin              |     1 |    12 ||    13
Dodge: Dodged            |       |     2 ||     2
Block: Medium shield     |     2 |    27 ||    29
